 Dungeon Crawl Stone Soup version 0.17.1-1-g73c8601 (webtiles) character file.

2776 Runnr the Covered (level 9, -7/57 HPs)
             Began as a Gargoyle Fighter on Jan 4, 2016.
             Was a Believer of Makhleb.
             Mangled by an orc warrior
             ... wielding a +0 glaive
              (24 damage)
             ... in a bailey.
             The game lasted 00:25:53 (7073 turns).

Runnr the Covered (Gargoyle Fighter)                Turns: 7073, Time: 00:25:53

Health: -7/57      AC: 19    Str: 19    XL:     9   Next: 70%
Magic:  9/9        EV:  7    Int: 10    God:    Makhleb [**....]
Gold:   393        SH: 10    Dex: 12    Spells: 0 memorised, 8 levels left

rFire  + . .     SeeInvis .     a - +0 war axe
rCold  . . .     Clarity  .     w - +2 chain mail {MR+}
rNeg   + . .     SustAt   .     c - +0 shield
rPois  ∞         Gourm    .     o - +0 helmet
rElec  +         Spirit   .     (no cloak)
rCorr  .         Warding  .     (no gloves)
rMut   +         Stasis   .     (no boots)
MR     ++...                    g - amulet of resist mutation
Stlth  ..........               z - ring of protection from magic
                                t - ring of protection from fire

@: very slightly contaminated, hasted, very quick, very resistant to hostile
enchantments, extremely unstealthy
A: negative energy resistance 1, electricity resistance, unbreathing,
petrification resistance, rot immunity, AC +5
a: Minor Destruction, Renounce Religion


You were in a bailey.
You worshipped Makhleb.
Makhleb was pleased with you.
You were not hungry.

You visited 1 branch of the dungeon, and saw 7 of its levels.
You also visited: Bailey.

You collected 393 gold pieces.

Inventory:

Hand Weapons
 a - a +0 war axe (weapon)
 e - a +0 blowgun
Missiles
 q - 15 poisoned needles
Armour
 c - a +0 shield (worn)
 o - a +0 helmet (worn)
 w - a +2 chain mail of magic resistance (worn)
Jewellery
 f - an uncursed amulet of regeneration
 g - an amulet of resist mutation (around neck)
 t - a ring of protection from fire (left hand)
 z - a ring of protection from magic (right hand)
Scrolls
 b - a scroll of teleportation {unknown}
 h - a scroll of fog {unknown}
 i - 2 scrolls of remove curse
 j - a scroll of recharging {unknown}
 k - a scroll of immolation {unknown}
 l - 2 scrolls of enchant armour {unknown}
 p - a scroll of enchant weapon {unknown}
 v - 2 scrolls of magic mapping
 y - a scroll of amnesia {unknown}
Potions
 n - a potion of flight {unknown}
 u - a potion of magic {unknown}
 A - a potion of brilliance {unknown}
Comestibles
 d - a chunk of flesh
 E - 4 bread rations
 J - 4 fruits
 K - a slice of pizza
 M - 2 meat rations


   Skills:
 + Level 7.3 Fighting
 + Level 5.6 Axes
 + Level 7.5 Armour
 + Level 4.0 Dodging
 + Level 7.2 Shields


You had 8 spell levels left.
You didn't know any spells.

Dungeon Overview and Level Annotations

Branches:
Dungeon (7/15)             Temple (0/1) D:5

Altars:
Elyvilon
Fedhas
Makhleb

Annotations:
D:3 Gargoyl's ghost, amateur DsAK


Innate Abilities, Weirdness & Mutations

You are resistant to torment.
Your stone body is resilient (AC +5).
You are immune to poison.
You resist negative energy.
You are resistant to electric shocks.
You can survive without breathing.
You are immune to petrification.
You are immune to rotting.


Message History

Drink which item? (? for menu, Esc to quit)
You feel yourself speed up. You block the orc warrior's attack.
You are very lightly contaminated with residual magic.
You hit the orc warrior.
The orc warrior is lightly wounded.
You closely miss the orc warrior.
The orc warrior is lightly wounded.
The orc warrior barely misses you.
You closely miss the orc warrior.
The orc warrior is lightly wounded.
You block the orc warrior's attack.
You hit the orc warrior.
The orc warrior is moderately wounded.
You hit the orc warrior.
The orc warrior is moderately wounded.
The orc warrior barely misses you.
You barely miss the orc warrior.
The orc warrior is moderately wounded.
The orc warrior hits you with a glaive!!
You die...

##..≈≈.....≈≈...
##########..≈≈..###..≈..#
#..........≈≈..## ##...##
#.≈≈≈≈≈≈≈≈≈≈..## ######
#.≈..........## ..
#.≈.#############'## ##
#.≈.##.....##....§... #.
#.≈..##...+#..≈≈≈§≈≈≈
#.≈≈..##@##..≈≈o....≈
##.≈≈..#o#..≈≈oo.⌠...
#∩.≈≈..#'#..≈≈oo⌠⌠⌠..
#.≈≈..##.##..≈§.....≈
#.≈..##...##..≈≈≈≈§≈≈
#.≈.## ... ##........
#.≈.#########'###+#######
#.≈.......)..##.....##...
#.≈≈≈≈≈≈≈≈≈≈..##.∩.##..≈≈


You could see an orc warrior (frenzied).

Vanquished Creatures
  Pikel (D:6)
  The ghost of antares the Thaumaturge, a novice DEWz (D:7)
  A water moccasin (D:5)
  Edmund (D:4)
  2 slaves
  4 orc warriors
  An ogre (D:4)
  A centaur (D:3)
  2 giant frogs (D:7)
  2 scorpions (D:5)
  4 wights (D:7)
  2 giant frog skeletons
  A jelly (D:6)
  2 orc priests
  3 centaur skeletons
  2 orc wizards
  9 worker ants
  A killer bee zombie (D:6)
  A hound zombie (D:6)
  4 worker ant zombies (D:6)
  3 adders
  2 oozes
  2 worms
  2 adder zombies (D:6)
  6 giant geckos
  25 orcs
  6 giant cockroaches
  9 hobgoblins
  A quokka (D:4)
  11 bats
  2 giant cockroach zombies (D:6)
  7 giant newts
  5 goblins
  2 jackals (D:1)
  A jackal skeleton (D:5)
  A jackal zombie (D:6)
  10 kobolds
  2 quokka zombies
  10 rats
152 creatures vanquished.

Vanquished Creatures (others)
  A giant gecko (D:6)
1 creature vanquished.

Grand Total: 153 creatures vanquished

Notes
Turn   | Place    | Note
--------------------------------------------------------------
     0 | D:1      | Runnr the Gargoyle Fighter began the quest for the Orb.
     0 | D:1      | Reached XP level 1. HP: 14/14 MP: 1/1
   138 | D:1      | Reached XP level 2. HP: 19/19 MP: 2/2
   358 | D:1      | Reached XP level 3. HP: 13/23 MP: 3/3
  2055 | D:3      | Noticed a centaur
  2141 | D:3      | Noticed Gargoyl's ghost (amateur DsAK)
  2190 | D:2      | Reached skill level 4 in Armour
  2212 | D:3      | Reached XP level 4. HP: 22/29 MP: 4/4
  2411 | D:3      | Found a white marble altar of Elyvilon.
  2424 | D:3      | Killed a centaur
  2424 | D:3      | Reached XP level 5. HP: 17/33 MP: 5/5
  2884 | D:3      | Found a blossoming altar of Fedhas.
  2886 | D:3      | Found a burning altar of Makhleb.
  2891 | D:3      | Became a worshipper of Makhleb the Destroyer
  3344 | D:4      | Reached XP level 6. HP: 35/39 MP: 6/6
  3614 | D:4      | Reached * piety under Makhleb
  4253 | D:4      | Reached skill level 5 in Armour
  4253 | D:4      | Reached skill level 1 in Dodging
  4281 | D:5      | Entered Level 5 of the Dungeon
  4281 | D:5      | Noticed Edmund
  4413 | D:5      | Noticed a water moccasin
  4436 | D:5      | Killed a water moccasin
  4436 | D:5      | Reached skill level 5 in Shields
  4436 | D:5      | Reached XP level 7. HP: 19/44 MP: 7/7
  4469 | D:5      | Reached skill level 5 in Fighting
  5053 | D:5      | Found a staircase to the Ecumenical Temple.
  5610 | D:4      | Killed Edmund
  5610 | D:4      | Reached XP level 8. HP: 49/51 MP: 8/8
  5675 | D:6      | Noticed Pikel
  5780 | D:6      | Reached skill level 6 in Armour
  5879 | D:6      | Reached ** piety under Makhleb
  5996 | D:6      | Killed Pikel
  6030 | D:6      | Reached XP level 9. HP: 48/56 MP: 9/9
  6252 | D:6      | Reached skill level 5 in Axes
  6343 | D:7      | Noticed antares's ghost (novice DEWz)
  6379 | D:7      | Killed antares's ghost
  6379 | D:7      | Reached skill level 7 in Armour
  6507 | D:7      | Found a flagged portal.
  6517 | Bailey   | Entered a bailey
  6853 | Bailey   | Reached *** piety under Makhleb
  7043 | Bailey   | Noticed an orc knight
  7043 | Bailey   | Noticed an orc knight
  7043 | Bailey   | Noticed an orc knight
  7073 | Bailey   | Mangled by an orc warrior

Action                   |  1- 3 |  4- 6 |  7- 9 || total
-------------------------+-------+-------+-------++-------
Melee: War axe           |   182 |   183 |   311 ||   676
 Fire: Blowgun           |       |     9 |    40 ||    49
  Use: Potion            |       |     1 |     3 ||     4
       Scroll            |       |       |     7 ||     7
  Eat: Chunk             |     5 |     6 |    10 ||    21
